 Dungeon Crawl Stone Soup version 0.20.1-1-g8b1a95d (webtiles) character file.

5696 vomix the Severer (level 10, -6/77 HPs)
             Began as a Minotaur Berserker on Aug 10, 2017.
             Was an Elder of Trog.
             Mangled by a death yak (20 damage)
             ... on level 8 of the Dungeon.
             The game lasted 00:11:21 (7178 turns).

vomix the Severer (Minotaur Berserker)              Turns: 7178, Time: 00:11:22

Health: -6/77      AC: 16    Str: 22    XL:     10   Next: 47%
Magic:  9/9        EV:  7    Int:  4    God:    Trog [****..]
Gold:   479        SH:  3    Dex: 13    Spells: 9/9 levels left

rFire    . . .     SeeInvis .   a - +2 war axe (flame)
rCold    . . .     Gourm    .   (no shield)
rNeg     . . .     Faith    .   F - +0 plate armour {rPois}
rPois    +         Spirit   .   (helmet restricted)
rElec    .         Reflect  +   q - +0 cloak
rCorr    .         Harm     .   l - +2 pair of gloves
MR       ++...                  n - +0 pair of boots
Stlth    ..........             f - +3 amulet of reflection
Regen    1.3/turn               (no ring)
MPRegen  0.2/turn               (no ring)

@: berserk cooldown, regenerating, slowed, very slow
A: retaliatory headbutt, horns 2
a: Berserk, Trog's Hand, Brothers in Arms, Burn Spellbooks, Renounce Religion


You were on level 8 of the Dungeon.
You worshipped Trog.
Trog was greatly pleased with you.
You were very hungry.

You visited 2 branches of the dungeon, and saw 9 of its levels.

You collected 479 gold pieces.

Inventory:

Hand Weapons
 a - a +2 war axe of flaming (weapon)
Armour
 l - a +2 pair of gloves (worn)
 n - a +0 pair of boots (worn)
 q - a +0 cloak (worn)
 F - a +0 plate armour of poison resistance (worn)
Jewellery
 f - a +3 amulet of reflection (around neck)
Wands
 v - a wand of polymorph (8/24)
 w - a wand of digging (24/24)
 z - a wand of lightning (6/15)
 A - a wand of confusion (18/48)
 E - a wand of polymorph (11/24)
Scrolls
 d - 2 scrolls of teleportation {unknown}
 h - a scroll of fog {unknown}
 m - 5 scrolls of remove curse
 o - 3 scrolls of recharging
 p - a scroll of immolation {unknown}
 t - a scroll of magic mapping {unknown}
 y - 2 scrolls of enchant weapon {unknown}
 C - a scroll of noise {unknown}
 G - a scroll of fear {unknown}
Potions
 b - 4 potions of might
 e - a potion of haste {unknown}
 j - 2 potions of heal wounds {unknown}
 k - 2 potions of curing
 r - 2 potions of agility
 u - 3 potions of lignification
 x - a potion of invisibility {unknown}
 B - a potion of mutation {unknown}
 D - a potion of flight {unknown}
Comestibles
 c - 4 bread rations
 g - 7 meat rations
 i - 3 royal jellies
 s - 2 chunks of flesh


   Skills:
 - Level 3.6 Fighting
 + Level 17.6 Axes
 - Level 2.4 Armour
 - Level 2.1 Dodging


You had 9 spell levels left.
You didn't know any spells.

Dungeon Overview and Level Annotations

Branches:
Dungeon (8/15)             Temple (1/1) D:7
   Lair: D:8-11

Altars:
Ashenzari
Cheibriados
Dithmenos
Elyvilon
Fedhas
Gozag
Hepliaklqana
Kikubaaqudgha
Makhleb
Nemelex Xobeh
Okawaru
Qazlal
Ru
Sif Muna
Trog
Uskayaw
Vehumet
Xom
Yredelemnul
Zin
The Shining One

Shops:
D:5 %   D:7 (


Innate Abilities, Weirdness & Mutations

You reflexively headbutt those who attack you in melee.
You have a pair of horns on your head.


Message History

You block the death yak's attack.
You hit the death yak. You burn the death yak.
The death yak is moderately wounded.
The death yak gores you!
You hit the death yak. You burn the death yak. You headbutt the death yak.
The death yak is heavily wounded.
The death yak completely misses you. The death yak gores you!
* * * LOW HITPOINT WARNING * * *
You hit the death yak. You burn the death yak.
The death yak is heavily wounded.
The death yak gores you!
* * * LOW HITPOINT WARNING * * *
You hit the death yak but do no damage.
The death yak is heavily wounded.
The death yak gores you.
* * * LOW HITPOINT WARNING * * *
You slash the death yak! You burn the death yak.
The death yak is severely wounded.
The death yak gores you!!
You die...

........(.# .........$
...#...## o..o..# #oY{#
#Y# #Y# #Y# ### ##@##
..# ##...## #.#
##.....## ####.#
##.......## ##.##.###
#.........####........
+.........+.........รท.
#.........####...#.###
##.......## ##..##.# #
##.....## #......# #


You could see 4 death yaks and 2 orcs.

Vanquished Creatures
  3 death yaks (D:8)
  Pikel (D:8)
  The ghost of ConnectionFaild the Carver, a novice OpFi of Dithmenos (D:5)
  A hippogriff (D:7)
  Sigmund (D:4)
  The ghost of Patate the Sneak, an amateur SpEn (D:4)
  Eustachio (D:5)
  Menkaure (D:6)
  Edmund (D:5)
  Duvessa (D:5)
  2 ice beasts
  A slave (D:8)
  A black bear (D:7)
  2 sky beasts
  2 ogres
  A centaur (D:5)
  A bullfrog (D:8)
  A wyvern skeleton (D:6)
  Dowan (D:5)
  5 wights (D:7)
  4 electric eels (D:6)
  A howler monkey (D:8)
  2 crimson imps
  3 hounds
  3 orc priests
  A gnoll shaman (D:5)
  Crazy Yiuf (D:2)
  A bullfrog skeleton (D:4)
  3 orc wizards
  2 centaur skeletons (D:4)
  An iguana (D:5)
  5 worker ants
  8 gnolls (D:5)
  8 adders
  3 shadow imps
  An ooze (D:2)
  An adder skeleton (D:7)
  3 dart slugs
  5 worms
  9 leopard geckos
  26 orcs
  5 bats
  2 giant cockroaches
  8 goblins
  4 hobgoblins
  5 quokkas
  4 ball pythons
  5 frilled lizards
  10 kobolds
  A leopard gecko skeleton (D:5)
  10 rats
174 creatures vanquished.

Vanquished Creatures (others)
  3 slaves (D:8)
3 creatures vanquished.

Grand Total: 177 creatures vanquished

Notes
Turn   | Place    | Note
-------+----------+-------------------------------------------
     0 | D:1      | vomix the Minotaur Berserker began the quest for the Orb.
     0 | D:1      | Reached XP level 1. HP: 19/19 MP: 0/0
    65 | D:1      | Reached skill level 4 in Axes
   103 | D:1      | Reached XP level 2. HP: 19/26 MP: 1/1
   392 | D:1      | Reached skill level 5 in Axes
   473 | D:1      | Reached XP level 3. HP: 28/31 MP: 2/2
  1023 | D:2      | Reached ** piety under Trog
  1029 | D:2      | Found an opulent altar of Gozag.
  1464 | D:2      | Found a runed door.
  1468 | D:2      | Noticed Crazy Yiuf
  1477 | D:2      | Killed Crazy Yiuf
  1477 | D:2      | Reached skill level 6 in Axes
  1477 | D:2      | Reached XP level 4. HP: 32/39 MP: 3/3
  2308 | D:3      | Reached skill level 7 in Axes
  2308 | D:3      | Reached XP level 5. HP: 45/45 MP: 4/4
  2624 | D:3      | Found a sacrificial altar of Ru.
  2886 | D:4      | Reached skill level 8 in Axes
  2921 | D:4      | Reached XP level 6. HP: 51/51 MP: 5/5
  2961 | D:4      | Noticed Patate's ghost (amateur SpEn)
  2968 | D:4      | Killed Patate's ghost
  2968 | D:4      | Reached *** piety under Trog
  2968 | D:4      | Reached skill level 9 in Axes
  3122 | D:4      | Found a stormy altar of Qazlal.
  3148 | D:4      | Noticed Sigmund
  3156 | D:4      | Killed Sigmund
  3156 | D:4      | Reached skill level 10 in Axes
  3156 | D:4      | Reached XP level 7. HP: 57/57 MP: 6/6
  3480 | D:5      | Entered Level 5 of the Dungeon
  3504 | D:5      | Found Royppeh's Food Shoppe.
  3519 | D:5      | Noticed Eustachio
  3539 | D:5      | Killed Eustachio
  3539 | D:5      | Reached skill level 11 in Axes
  3608 | D:5      | Noticed ConnectionFaild's ghost (novice OpFi)
  3610 | D:5      | Noticed Dowan
  3613 | D:5      | Reached XP level 8. HP: 64/64 MP: 7/7
  3615 | D:5      | Killed ConnectionFaild's ghost
  3615 | D:5      | Reached skill level 12 in Axes
  3624 | D:5      | Killed Dowan
  3639 | D:5      | Noticed Edmund
  3643 | D:5      | Killed Edmund
  3732 | D:5      | Noticed Duvessa
  3741 | D:5      | Killed Duvessa
  3741 | D:5      | Reached skill level 13 in Axes
  4215 | D:6      | Reached XP level 9. HP: 24/70 MP: 8/8
  4479 | D:6      | Reached skill level 14 in Axes
  4507 | D:6      | HP: 3/70 [electric eel/bolt of electricity (11)]
  4923 | D:6      | Noticed Menkaure
  4927 | D:6      | Killed Menkaure
  5652 | D:7      | Reached **** piety under Trog
  5681 | D:7      | Found Eplethay's Antique Weapon Emporium.
  5794 | D:7      | Reached skill level 15 in Axes
  5972 | D:7      | Found a staircase to the Ecumenical Temple.
  6306 | Temple   | Entered the Ecumenical Temple
  6623 | D:8      | Noticed Pikel
  6633 | D:8      | Killed Pikel
  6633 | D:8      | Reached skill level 16 in Axes
  7120 | D:8      | Reached XP level 10. HP: 77/77 MP: 9/9
  7141 | D:8      | Noticed a death yak
  7141 | D:8      | Noticed a death yak
  7143 | D:8      | Noticed a death yak
  7143 | D:8      | Noticed a death yak
  7144 | D:8      | Noticed a death yak
  7145 | D:8      | Noticed a death yak
  7145 | D:8      | Noticed a death yak
  7152 | D:8      | Killed a death yak
  7158 | D:8      | Killed a death yak
  7158 | D:8      | Reached skill level 17 in Axes
  7171 | D:8      | Killed a death yak
  7178 | D:8      | Mangled by a death yak

Skill      XL: |  1  2  3  4  5  6  7  8  9 10 |
---------------+-------------------------------+-----
Axes           | 4 5 6 7 8 10 11 13 16 17 | 17.6
Fighting       | |  3.6
Armour         | |  2.4
Dodging        | |  2.1

Action                   |  1- 3 |  4- 6 |  7- 9 | 10-12 || total
-------------------------+-------+-------+-------+-------++-------
Melee: Hand axe          |    78 |    41 |       |       ||   119
       Headbutt          |    12 |    16 |    36 |    12 ||    76
       War axe           |       |    52 |   206 |    28 ||   286
Invok: Berserk           |       |     3 |     5 |     1 ||     9
       Trog's Hand       |       |     1 |     2 |     1 ||     4
  Use: Scroll            |       |       |     9 |       ||     9
       Potion            |       |       |     2 |       ||     2
  Eat: Chunk             |       |     9 |    19 |     1 ||    29
Armor: Scale mail        |    30 |    39 |    33 |       ||   102
       Plate armour      |       |       |    43 |     5 ||    48
Dodge: Dodged            |    37 |    39 |    67 |     6 ||   149
Block: Other             |     4 |    13 |    23 |     2 ||    42
       Reflection        |     1 |       |       |       ||     1
